 Dungeon Crawl Stone Soup version 0.17-a0-1435-geafbe2f (webtiles) character file.

291300 LongPig the Executioner (level 20, 0/165 HPs)
             Began as a Demonspawn Berserker on June 27, 2015.
             Was a High Priest of Trog.
             Hit by a javelin of returning thrown by a merfolk javelineer (8 damage)
             ... on level 4 of the Shoals.
             The game lasted 02:55:30 (42353 turns).

LongPig the Executioner (Demonspawn Berserker)     Turns: 42353, Time: 02:55:30

Health: 0/165      AC: 38    Str: 26    XL:     20   Next: 30%
Magic:  22/22      EV: 11    Int: 15    God:    Trog [*****.]
Gold:   4931       SH:  0    Dex: 18    Spells: 0 memorised, 19 levels left

rFire  + + .     SeeInvis +     I - +4 executioner's axe (elec)
rCold  + . .     Clarity  .     t - +8 gold dragon armour of Jaatri {rPois rF+ rC+ SInv}
rNeg   + + +     SustAt   .     (no shield)
rPois  +         Gourm    .     o - +2 helmet
rElec  +         Spirit   .     Q - +0 cloak of Xyefiem {rElec rPois Regen+ Int-4}
rCorr  .         Warding  .     H - +2 pair of gloves
rMut   .         Stasis   .     (boots unavailable)
MR     ++++.                    J - amulet of regeneration
Stlth  ..........               y - ring "Hymn" {Wiz rElec rN+++ Str-3}
                                F - ring of Nodgh {rF+ Str+4 Int+4 Stlth-}

@: mighty, agile, lethally poisoned (0 -> 0), very slightly contaminated,
regenerating, incredibly resistant to hostile enchantments, extremely unstealthy
A: talons 3, rugged brown scales 3, magic resistance 1, negative energy
resistance 1, powered by death 1, powered by pain 3
a: Burn Spellbooks, Berserk, Trog's Hand, Brothers in Arms, Renounce Religion
}: 1/15 runes: gossamer


You were on level 4 of the Shoals.
You worshipped Trog.
Trog was extremely pleased with you.
You were not hungry.

You visited 6 branches of the dungeon, and saw 38 of its levels.
You also visited: Labyrinth, Ice Cave and Volcano.

You collected 4931 gold pieces.

Inventory:

Hand weapons
 p - a +5 executioner's axe of flaming
 A - a +3 antimagic executioner's axe
 I - a +4 executioner's axe of electrocution (weapon)
Armour
 o - a +2 helmet (worn)
 t - the +8 gold dragon armour of Jaatri (worn) {rPois rF+ rC+ SInv}
   (You took it off a deep elf priest on level 3 of the Elven Halls)

   It protects you from fire.
   It protects you from cold.
   It protects you from poison.
   It lets you see invisible.
 H - a +2 pair of gloves (worn)
 Q - the +0 cloak of Xyefiem (worn) {rElec rPois Regen+ Int-4}
   (You found it on level 3 of the Elven Halls)

   It affects your intelligence (-4).
   It insulates you from electricity.
   It protects you from poison.
   It increases your rate of regeneration.
Rods
 j - a +0 rod of the swarm (13/13)
   (You took it off a hill giant on level 12 of the Dungeon)
 T - a +0 rod of clouds (13/13)
   (You found it on level 10 of the Dungeon)
Jewellery
 f - an uncursed ring of flight
 y - the ring "Hymn" (right hand) {Wiz rElec rN+++ Str-3}
   (You took it off a deep elf conjurer on level 3 of the Elven Halls)

   [ring of wizardry]

   It improves your spell success rate.
   It affects your strength (-3).
   It insulates you from electricity.
   It renders you almost immune to negative energy.
 D - an uncursed ring of invisibility
 F - the ring of Nodgh (left hand) {rF+ Str+4 Int+4 Stlth-}
   (You found it in an ice cave)

   [ring of strength]

   It affects your strength (+4).
   It affects your intelligence (+4).
   It protects you from fire.
   It makes you less stealthy.
 J - an amulet of regeneration (around neck)
Magical devices
 d - a wand of digging (9)
 w - a wand of teleportation (6)
 W - a wand of heal wounds (0)
Scrolls
 a - 8 scrolls of recharging
 g - 26 scrolls of identify
 i - 2 scrolls of enchant armour
 r - a scroll of torment {unknown}
 s - 2 scrolls of summoning
 E - 4 scrolls of teleportation
 U - 11 scrolls of remove curse
 V - 2 scrolls of blinking
 Y - a scroll of fear
Potions
 b - 2 potions of brilliance
 e - 4 potions of magic
 h - 8 potions of curing
 k - 3 potions of flight
 m - a potion of haste
 q - a potion of berserk rage
 C - 2 potions of cancellation
 R - a potion of might
 S - 4 potions of agility
Books
 l - Khufu's Guide on Sinister Magic
   (You found it on level 4 of the Shoals)

   Spells                             Type                      Level
   a - Animate Skeleton               Necromancy                   1
   b - Animate Dead                   Necromancy                   4
   c - Dispel Undead                  Necromancy                   5
   Trog disapproves of the use of such an item.
Comestibles
 c - 9 bread rations
 z - 2 meat rations
 B - 7 slices of pizza
 N - 4 royal jellies
 P - 7 beef jerkies
 X - 22 fruits


   Skills:
 + Level 12.9 Fighting
 - Level 26.0 Axes
 + Level 12.3 Armour
 - Level 1.7 Dodging
 - Level 3.1 Evocations


You had 19 spell levels left.
You didn't know any spells.

Dungeon Overview and Level Annotations

Branches:
Dungeon (15/15)            Temple (0/1) D:6            Lair (8/8) D:9
 Shoals (4/4) Lair:4       Spider (4/4) Lair:3        Slime (0/6) Lair:7
    Orc (4/4) D:10            Elf (3/3) Orc:3        Vaults (0/5) D:14
 Depths (0/5) D:15

Altars:
Ashenzari
Cheibriados
Dithmenos
Elyvilon
Fedhas
Gozag
Makhleb
Nemelex Xobeh
Okawaru
Qazlal
Ru
Sif Muna
Vehumet
Xom
Beogh
Jiyva

Shops:
D:7 *   D:10 %   D:11 *   Orc:1 :   Orc:4 (([   Shoals:2 !

Portals:
Hell: Lair:8
Trove: Elf:1 (give 2 potions of cure mutation)

Annotations:
D:11 Nergalle


Innate Abilities, Weirdness & Mutations

You have claws for feet.
You are completely covered in rugged brown scales (AC +3, +7% HP).
You resist negative energy.
You regenerate a little health from kills.
You are powered by pain.
You are resistant to hostile enchantments.


Message History

The merfolk javelineer is almost dead.
You feel sick.
The merfolk javelineer throws a javelin of returning.
The javelin of returning hits you.
* * * LOW HITPOINT WARNING * * *
The weapon returns to the merfolk javelineer!
The alligator snapping turtle bites you!!
* * * LOW HITPOINT WARNING * * *
The merfolk impaler hits you from afar with a trident of protection!
* * * LOW HITPOINT WARNING * * *
You slice the alligator snapping turtle!!
You claw the alligator snapping turtle.
The alligator snapping turtle is heavily wounded.
You barely miss the merfolk javelineer.
The merfolk javelineer is almost dead.
The merfolk javelineer closely misses you.
The merfolk hits you but does no damage.
The merfolk javelineer throws a javelin of returning.
The javelin of returning hits you!
You die...

≈≈≈≈.##.≈†≈≈≈≈≈(≈≈#######..≈≈≈≈≈≈
≈≈≈≈≈...≈≈≈≈≈≈≈≈≈##≈≈≈≈≈##..≈≈≈≈≈
≈≈≈≈≈..≈≈(≈≈≈≈((##≈≈≈≈≈# ##...≈≈≈
≈≈≈≈≈≈≈≈....(...#≈..≈≈≈ #≈##...≈≈
≈≈≈≈≈≈≈.........#..#≈# ≈≈≈##...≈≈
≈≈≈≈≈≈≈.#(......#..≈≈##≈≈≈##...≈≈
≈≈≈≈≈≈..#.......#mm(≈≈≈≈≈≈##...≈≈
≈≈≈≈≈≈≈<#.......#m#≈(≈#.≈≈#....#.
≈≈≈≈≈≈≈≈........@#m#(≈≈≈≈##...##.
≈≈≈≈≈≈≈#######.(.t#(m≈≈≈##≈......
≈≈≈≈≈.##≈≈≈≈≈##((m≈######≈≈≈≈≈...
≈≈≈≈.##≈#....≈##.≈≈≈≈≈≈≈≈≈≈≈≈≈≈≈≈
≈≈≈≈.#≈#..≈≈..≈#≈≈≈≈≈≈≈≈≈≈≈≈≈≈≈≈≈
≈≈≈≈.#≈..≈≈≈#..#≈≈≈≈#######≈≈≈≈≈≈
≈≈≈.##≈.≈≈##≈..#≈≈≈##≈≈≈≈≈##≈≈≈≈≈
≈≈≈.##≈.≈≈#≈...#≈≈##≈≈≈..#≈##≈≈≈≈
≈≈≈.##≈.(#≈..#.#≈≈#≈≈≈≈≈.)#≈#≈≈≈≈


You could see an alligator snapping turtle, a merfolk impaler, 2 merfolk
javelineers and a merfolk.

Vanquished Creatures
  Saint Roka (Orc:4)
  Jorgrun (Shoals:3)
  A deep elf master archer (Elf:3)
  A deep elf blademaster (Elf:3)
  An octopode crusher (Shoals:2)
  Frances (D:13)
  Kirke (Elf:1)
  Ilsuiw (Shoals:4)
  Donald (Shoals:2)
  An orc warlord (Orc:4)
  Maud (D:11)
  4 ghost moths
  5 deep elf sorcerers
  Louise (Spider:3)
  7 emperor scorpions
  4 deep elf demonologists (Elf:3)
  5 deep elf annihilators (Elf:3)
  Azrael (D:13)
  The ghost of Kisielow the Carver, a powerful MiFi of Okawaru (Lair:3)
  5 merfolk javelineers
  Snorg (Orc:1)
  3 vault guards (D:14)
  A yaktaur captain (D:15)
  A minotaur (Lab)
  A deep elf death mage (Elf:3)
  4 deep elf high priests
  Josephine (D:13)
  5 merfolk impalers
  Fannar (D:10)
  An ice dragon (IceCv)
  3 catoblepae
  10 hydras
  2 satyrs (Shoals:3)
  Erica (D:10)
  3 merfolk avatars
  An alligator snapping turtle (Shoals:3)
  15 dancing weapons (Elf:2)
  A salamander stormcaller (D:15)
  2 merfolk aquamancers
  An ogre mage (D:14)
  6 centaur warriors
  2 orc high priests
  10 death yaks (Lair:7)
  A queen ant (Lair:7)
  17 deep elf knights
  A sun demon (Lair:8)
  Sonja (D:11)
  A hell knight (Volcano)
  3 skeletal warriors (D:14)
  An ice devil (Lair:3)
  9 sea snakes
  7 deep elf summoners
  3 ice statues
  Pikel (D:4)
  6 hill giants
  13 harpies (Shoals:4)
  5 orc knights
  3 wizards
  20 deep elf conjurers
  16 orb spiders
  A mana viper (shapeshifter) (Elf:3)
  A harpy (shapeshifter) (Elf:1)
  9 hornets
  13 ugly things
  3 moths of wrath
  4 griffons
  26 wolf spiders
  A salamander (shapeshifter) (D:15)
  5 water nymphs
  3 orc sorcerers (Orc:4)
  9 manticores
  15 elephants
  8 sirens
  A toenail golem (Volcano)
  6 fauns (Shoals:3)
  An octopode (shapeshifter) (D:15)
  Maurice (D:9)
  3 black mambas
  4 centaur zombies
  A smoke demon (Lair:8)
  3 torpor snails
  3 gargoyles (Lab)
  3 orange demons (Lair:8)
  2 molten gargoyles (Volcano)
  4 centaur skeletons
  16 spiny frogs
  8 komodo dragons
  A hellwing (Lair:8)
  A kobold demonologist (D:12)
  7 fire drakes
  4 small abominations
  2 yaktaurs
  16 deep elf priests
  18 demonic crawlers
  2 wind drakes
  2 blue devils (Lair:8)
  27 merfolk
  6 trolls
  28 jumping spiders
  A polar bear (shapeshifter) (Elf:2)
  A queen bee (shapeshifter) (Elf:3)
  2 two-headed ogres
  24 blink frogs
  3 polar bears
  A troll (shapeshifter) (Elf:1)
  9 slime creatures
  3 snapping turtles
  A spriggan (shapeshifter) (D:15)
  Sigmund (D:5)
  5 wraiths
  33 redbacks
  21 tarantellas
  40 deep elf magi
  7 water elementals
  16 trapdoor spiders
  3 fire bats (Volcano)
  A wyvern (Lair:2)
  33 deep elf fighters
  2 humans
  3 fire elementals
  6 wandering mushrooms (Lair:1)
  3 basilisks
  54 yaks
  5 hogs (Elf:1)
  16 hippogriffs
  2 hungry ghosts
  A mottled dragon (D:14)
  A basilisk (shapeshifter) (Elf:3)
  10 wargs
  4 vampire mosquitoes
  Edmund (D:5)
  11 wolves
  5 soldier ants (Lair:7)
  17 water moccasins
  10 porcupines
  Duvessa (D:7)
  7 wasps
  3 black bears
  5 hell hounds (Lair:8)
  19 spiders
  58 orc warriors
  30 ice beasts
  5 sky beasts
  6 ogres
  An eye of draining (D:15)
  13 centaurs
  A necrophage (D:9)
  16 crocodiles
  5 big kobolds
  17 giant frogs
  A brain worm (D:11)
  2 wyvern skeletons (D:11)
  8 killer bees
  Dowan (D:7)
  8 scorpions
  A water moccasin skeleton (D:8)
  4 electric eels
  8 wights (D:11)
  6 crimson imps
  2 giant frog skeletons (D:8)
  2 quasits
  An iron imp (D:7)
  6 jellies
  33 orc priests
  36 orc wizards
  6 hounds
  5 iguanas
  24 worker ants
  11 sheep
  A hound skeleton (D:11)
  Robin (D:2)
  10 gnolls
  18 adders
  74 river rats
  5 shadow imps
  3 white imps (Lair:3)
  6 oozes
  An adder skeleton (D:10)
  4 worms
  6 giant geckos
  156 orcs
  3 bat skeletons
  8 giant cockroaches
  23 hobgoblins
  9 jackals
  12 quokkas
  3 ball pythons
  24 bats
  A giant gecko skeleton (D:8)
  A giant gecko zombie (D:8)
  8 giant newts
  32 goblins
  A jackal skeleton (D:7)
  40 kobolds
  A quokka skeleton (D:9)
  19 rats
  5 crawling corpses
  11 fungi
  11 plants
1701 creatures vanquished.

Vanquished Creatures (collateral kills)
  A deep elf master archer (Elf:3)
  A deep elf blademaster (Elf:3)
  2 deep elf sorcerers (Elf:3)
  3 deep elf demonologists (Elf:3)
  3 deep elf annihilators (Elf:3)
  4 deep elf death magi (Elf:3)
  An ice dragon (IceCv)
  2 hydras
  A small abomination (Elf:3)
  A deep elf knight (Elf:3)
  A deep elf summoner (Elf:3)
  An orb spider (Spider:4)
  An orc knight (Orc:1)
  A wolf spider (Spider:4)
  A gargoyle (Lab)
  A deep elf priest (Elf:3)
  2 jumping spiders (Spider:4)
  A merfolk (Shoals:4)
  A deep elf mage (Elf:3)
  A fire elemental (D:13)
  A deep elf fighter (Elf:3)
  A hell hound (D:13)
  A water moccasin (Lair:8)
  A porcupine (Lair:3)
  A spider (Spider:4)
  2 ice beasts (Lair:3)
  A crocodile (Lair:3)
  An orc priest (Orc:1)
  An iguana (Lair:3)
  A white imp (Lair:3)
  2 orcs (Orc:1)
  3 crawling corpses (Elf:3)
46 creatures vanquished.

Vanquished Creatures (others)
  A deep elf conjurer (Elf:2)
  A jumping spider (Spider:1)
  7 fungi
  2 plants (Lair:7)
11 creatures vanquished.

Grand Total: 1758 creatures vanquished

Notes
Turn   | Place    | Note
--------------------------------------------------------------
     0 | D:1      | LongPig the Demonspawn Berserker began the quest for the Orb.
     0 | D:1      | Reached XP level 1. HP: 18/18 MP: 1/1
   336 | D:1      | Gained mutation: You sometimes gain a little power by taking damage. [demonic ancestry]
   336 | D:1      | Reached XP level 2. HP: 24/24 MP: 2/2
   420 | D:1      | Acquired Trog's second power
   704 | D:1      | Gained mutation: You sometimes gain power by taking damage. [demonic ancestry]
   704 | D:1      | Reached XP level 3. HP: 27/29 MP: 3/3
  1296 | D:2      | Reached skill level 4 in Axes
  1306 | D:2      | Noticed Robin
  1327 | D:2      | Killed Robin
  1327 | D:2      | Gained mutation: You are powered by pain. [demonic ancestry]
  1327 | D:2      | Reached XP level 4. HP: 35/35 MP: 4/4
  2079 | D:2      | Reached skill level 5 in Axes
  2274 | D:2      | Found a deep blue altar of Sif Muna.
  2472 | D:3      | Reached XP level 5. HP: 41/41 MP: 5/5
  2551 | D:3      | Acquired Trog's third power
  3170 | D:4      | Noticed an ogre
  3179 | D:4      | Reached skill level 6 in Axes
  3183 | D:4      | Killed an ogre
  3183 | D:4      | Reached XP level 6. HP: 47/47 MP: 6/6
  3338 | D:4      | Found a shimmering altar of Xom.
  3531 | D:4      | Noticed a slave
  3533 | D:4      | Noticed Pikel
  3534 | D:4      | Noticed a slave
  3537 | D:4      | Noticed a slave
  3538 | D:4      | Noticed a slave
  3545 | D:4      | Killed Pikel
  3545 | D:4      | Reached skill level 8 in Axes
  3545 | D:4      | Reached XP level 7. HP: 52/52 MP: 7/7
  3782 | D:5      | Entered Level 5 of the Dungeon
  3806 | D:5      | Noticed Edmund
  3816 | D:5      | Gained mutation: You have sharp toenails. [demonic ancestry]
  3816 | D:5      | Reached XP level 8. HP: 52/58 MP: 8/8
  3853 | D:5      | Killed Edmund
  4323 | D:5      | Reached skill level 9 in Axes
  4471 | D:5      | Noticed Sigmund
  4488 | D:5      | Killed Sigmund
  4533 | D:5      | Received a gift from Trog
  4704 | D:5      | Reached skill level 5 in Armour
  4989 | D:6      | Found a blossoming altar of Fedhas.
  5204 | D:6      | Reached skill level 10 in Axes
  5204 | D:6      | Gained mutation: You are partially covered in rugged brown scales (AC +1, +3% HP). [demonic ancestry]
  5204 | D:6      | Reached XP level 9. HP: 32/64 MP: 9/9
  5550 | D:6      | Found a staircase to the Ecumenical Temple.
  5631 | D:6      | Found a radiant altar of Vehumet.
  5986 | D:7      | Found Ageg's General Store.
  6348 | D:7      | Found a snail-covered altar of Cheibriados.
  6359 | D:7      | Reached skill level 11 in Axes
  6640 | D:7      | Noticed Duvessa
  6640 | D:7      | Noticed Dowan
  6654 | D:7      | Killed Dowan
  6661 | D:7      | Killed Duvessa
  6703 | D:7      | Found a shadowy altar of Dithmenos.
  6853 | D:8      | Received a gift from Trog
  7210 | D:8      | Found a white marble altar of Elyvilon.
  7309 | D:8      | Found a sacrificial altar of Ru.
  7310 | D:8      | Found a sparkling altar of Nemelex Xobeh.
  7315 | D:8      | Found an iron altar of Okawaru.
  7391 | D:8      | Reached XP level 10. HP: 66/75 MP: 10/10
  7451 | D:8      | Found a shattered altar of Ashenzari.
  7479 | D:8      | Identified the Incunabulum of Enchantment
  7782 | D:8      | Reached skill level 5 in Fighting
  8122 | D:9      | Found a staircase to the Lair.
  8123 | D:9      | Noticed an elephant
  8142 | D:9      | Killed an elephant
  8142 | D:9      | Reached skill level 12 in Axes
  8166 | D:9      | Got a ripped robe
  8167 | D:9      | Identified the +0 robe of Altruism {rElec rF- Str+4} (You found it on level 9 of the Dungeon)
  8300 | D:9      | Gained mutation: You tend to lose your temper in combat. [potion of mutation]
  8300 | D:9      | Gained mutation: You are robust (+10% HP). [potion of mutation]
  8300 | D:9      | Gained mutation: Your spells are a little harder to cast, but a little more powerful. [potion of mutation]
  8315 | D:9      | Lost mutation: You tend to lose your temper in combat. [potion of cure mutation]
  8315 | D:9      | Lost mutation: Your spells are a little harder to cast, but a little more powerful. [potion of cure mutation]
  8315 | D:9      | Lost mutation: You are robust (+10% HP). [potion of cure mutation]
  8413 | D:9      | Noticed Maurice
  8452 | D:9      | Killed Maurice
  8715 | D:9      | Found a burning altar of Makhleb.
  8765 | D:9      | Found a stormy altar of Qazlal.
  8986 | D:10     | Entered Level 10 of the Dungeon
  8986 | D:10     | Noticed a hill giant
  8995 | D:10     | Killed a hill giant
  9041 | D:10     | Received a gift from Trog
  9109 | D:10     | Noticed Fannar
  9133 | D:10     | Killed Fannar
  9133 | D:10     | Reached skill level 13 in Axes
  9220 | D:10     | Found Pih Egeck's Food Shoppe.
  9303 | D:10     | Noticed Erica
  9315 | D:10     | Killed Erica
  9315 | D:10     | Gained mutation: You have razor-sharp toenails. [demonic ancestry]
  9315 | D:10     | Reached XP level 11. HP: 47/86 MP: 6/11
  9461 | D:10     | Found a staircase to the Orcish Mines.
  9582 | D:10     | Identified a +0 rod of clouds (13/13) (You found it on level 10 of the Dungeon)
 10185 | Lair:1   | Entered Level 1 of the Lair of Beasts
 10370 | Lair:1   | Reached skill level 1 in Evocations
 11191 | Lair:1   | Reached skill level 14 in Axes
 11744 | Lair:1   | Received a gift from Trog
 12744 | Lair:3   | Gained mutation: You have claws for feet. [demonic ancestry]
 12744 | Lair:3   | Reached XP level 12. HP: 92/97 MP: 2/14
 12915 | Lair:3   | Noticed Kisielow's ghost (powerful MiFi)
 12924 | Lair:3   | Killed Kisielow's ghost
 12999 | Lair:3   | Reached skill level 15 in Axes
 13905 | Lair:3   | Noticed a six-headed hydra
 13911 | Lair:3   | Killed a seven-headed hydra
 13960 | Lair:3   | Reached skill level 10 in Fighting
 14069 | Lair:3   | Noticed an ice devil
 14132 | Lair:3   | Noticed an ice statue
 14145 | Lair:3   | Killed an ice devil
 14158 | Lair:3   | Killed an ice statue
 14178 | Lair:3   | Got a distressingly furry gold dragon armour
 14189 | Lair:3   | Identified the cursed +1 gold dragon armour of the Undertaker {rPois rF+ rC+ Str+2 SInv} (You found it on level 3 of the Lair of Beasts)
 14207 | Lair:3   | Got an iridescent dagger
 14208 | Lair:3   | Identified the +3 dagger "Ezep" {antimagic, rC+++ Str-3 Int+3 Dex-2} (You found it on level 3 of the Lair of Beasts)
 14285 | Lair:3   | Reached skill level 16 in Axes
 14289 | Lair:3   | Found a hole to the Spider Nest.
 15047 | Lair:4   | Reached XP level 13. HP: 52/107 MP: 5/15
 15062 | Lair:4   | Found a frozen archway.
 15075 | Lair:4   | Received a gift from Trog
 15078 | Lair:4   | Got a bloodstained broad axe {god gift}
 15084 | IceCv    | Entered an ice cave
 15085 | IceCv    | Identified the +4 broad axe of Urphat {chop, rElec Int+4} (Trog gifted it to you on level 4 of the Lair of Beasts)
 15769 | IceCv    | Got a scorched lapis lazuli ring
 15809 | IceCv    | Identified the ring of Nodgh {rF+ Str+4 Int+4 Stlth-} (You found it in an ice cave)
 16243 | Lair:4   | Found a staircase to the Shoals.
 16674 | Lair:5   | Reached skill level 17 in Axes
 17768 | Lair:6   | Received a gift from Trog
 18540 | Lair:7   | Reached XP level 14. HP: 111/114 MP: 5/16
 18556 | Lair:7   | Reached skill level 18 in Axes
 19260 | Lair:7   | Found a staircase to the Slime Pits.
 19261 | Lair:7   | Found a viscous altar of Jiyva.
 19365 | Lair:7   | Received a gift from Trog
 19447 | Lair:7   | Gained mutation: You are resistant to hostile enchantments. [potion of beneficial mutation]
 19840 | Lair:8   | Entered Level 8 of the Lair of Beasts
 19925 | Lair:8   | HP: 5/114 [12-headed hydra (8)]
 20467 | Lair:8   | Found a burning altar of Makhleb.
 20674 | Lair:8   | Found a gateway to Hell.
 20843 | Lair:8   | Reached skill level 19 in Axes
 21390 | Lair:6   | Received a gift from Trog
 21689 | D:11     | Reached skill level 10 in Armour
 21739 | D:11     | Noticed Maud
 21750 | D:11     | Killed Maud
 22218 | D:11     | Found Zano's General Store.
 22251 | D:11     | Noticed Sonja
 22255 | D:11     | Noticed Nergalle
 22401 | D:11     | Killed Sonja
 22711 | Orc:1    | Entered Level 1 of the Orcish Mines
 22722 | Orc:1    | Noticed Snorg
 22727 | Orc:1    | Gained mutation: You are mostly covered in rugged brown scales (AC +2, +5% HP). [demonic ancestry]
 22727 | Orc:1    | Reached XP level 15. HP: 114/121 MP: 17/17
 22733 | Orc:1    | Killed Snorg
 22967 | Orc:1    | Found Jomm's Book Emporium.
 23050 | Orc:1    | Found a dark tunnel.
 23055 | Volcano  | Entered a volcano
 23312 | Volcano  | Found a radiant altar of Vehumet.
 23421 | Volcano  | Reached XP level 16. HP: 107/129 MP: 18/18
 23437 | Volcano  | Got a fine hunting sling
 23459 | Volcano  | Reached skill level 20 in Axes
 23848 | Orc:2    | Received a gift from Trog
 24067 | Orc:3    | Found a staircase to the Elven Halls.
 24526 | Orc:4    | Entered Level 4 of the Orcish Mines
 24540 | Orc:4    | Found a roughly hewn altar of Beogh.
 24541 | Orc:4    | Found Irakiuf's Antique Weapon Boutique.
 24581 | Orc:4    | Noticed Saint Roka
 24600 | Orc:4    | Killed Saint Roka
 24776 | Orc:4    | Received a gift from Trog
 24781 | Orc:4    | Identified the cursed +1 hunting sling "Ykuteph" {venom, rN+} (You found it in a volcano)
 25036 | Orc:4    | Found a roughly hewn altar of Beogh.
 25130 | Orc:4    | Found a roughly hewn altar of Beogh.
 25215 | Orc:4    | Found a roughly hewn altar of Beogh.
 25230 | Orc:4    | Found Qauschez's General Store.
 25400 | Orc:4    | Received a gift from Trog
 25461 | Orc:4    | Found Kagy's Antique Armour Shop.
 25462 | Orc:4    | Found a roughly hewn altar of Beogh.
 25463 | Orc:4    | Found Ubbir's Antique Weapon Boutique.
 26784 | D:12     | Received a gift from Trog
 27262 | D:13     | Noticed Azrael
 27269 | D:13     | Killed Azrael
 27295 | D:13     | Noticed Josephine
 27296 | D:13     | Noticed Frances
 27304 | D:13     | Killed Josephine
 27304 | D:13     | Reached skill level 21 in Axes
 27305 | D:13     | Killed Frances
 27467 | D:13     | Found a labyrinth entrance.
 27476 | Lab      | Entered a labyrinth
 28133 | Lab      | Identified the Volume of Orientation
 28383 | D:13     | You fall through a shaft for 2 floors!
 28383 | D:15     | Entered Level 15 of the Dungeon
 28763 | D:15     | Received a gift from Trog
 29175 | D:15     | Found a staircase to the Depths.
 29403 | D:14     | Gained mutation: You are completely covered in rugged brown scales (AC +3, +7% HP). [demonic ancestry]
 29403 | D:14     | Reached XP level 17. HP: 102/138 MP: 19/19
 29568 | D:14     | Found an opulent altar of Gozag.
 29667 | D:14     | Reached skill level 22 in Axes
 29719 | D:14     | Found a gate to the Vaults.
 29855 | D:14     | Received a gift from Trog
 29952 | D:14     | Found an iron altar of Okawaru.
 31115 | Elf:1    | Entered Level 1 of the Elven Halls
 31177 | Elf:1    | Received a gift from Trog
 31620 | Elf:1    | Found a portal to a secret trove of treasure.
 31819 | Elf:1    | Received a gift from Trog
 31840 | Elf:1    | Identified Tesm's Incunabulum of Attacks
 32048 | Elf:1    | Noticed Kirke
 32066 | Elf:1    | Killed Kirke
 32079 | Elf:1    | Reached skill level 23 in Axes
 32741 | Elf:2    | Got a smoking scale mail
 32752 | Elf:2    | Identified the +4 scale mail of Aptol {+Blink} (You found it on level 2 of the Elven Halls)
 32882 | Elf:2    | Found a huge runed gate.
 32890 | Elf:2    | Found a huge runed gate.
 32891 | Elf:2    | Found a huge runed gate.
 32892 | Elf:2    | Found a huge runed gate.
 32893 | Elf:2    | Found a huge runed gate.
 33137 | Elf:2    | Received a gift from Trog
 33652 | Elf:2    | Gained mutation: You resist negative energy. [demonic ancestry]
 33652 | Elf:2    | Reached XP level 18. HP: 137/145 MP: 20/20
 33966 | Elf:3    | Entered Level 3 of the Elven Halls
 34505 | Elf:3    | Noticed a Brimstone Fiend
 34595 | Elf:3    | Reached skill level 24 in Axes
 34952 | Elf:3    | Received a gift from Trog
 35043 | Elf:3    | Got a steaming golden ring
 35045 | Elf:3    | Identified the ring "Hymn" {Wiz rElec rN+++ Str-3} (You took it off a deep elf conjurer on level 3 of the Elven Halls)
 35248 | Elf:3    | Noticed a Brimstone Fiend
 35251 | Elf:3    | Received a gift from Trog
 35401 | Elf:3    | Got a brightly glowing battleaxe {god gift}
 35593 | Elf:3    | Identified the +6 battleaxe of Kulusurch {chop, Dex+2} (Trog gifted it to you on level 3 of the Elven Halls)
 35620 | Elf:3    | Got a pitted buckler
 35853 | Elf:3    | Identified the Handbook of Unholy Flames
 35859 | Elf:3    | Got a crude cloak
 35871 | Elf:3    | Identified the cursed +0 cloak of Xyefiem {rElec rPois Regen+ Int-4} (You found it on level 3 of the Elven Halls)
 35871 | Elf:3    | Identified the +0 buckler "Guxtyel" {-Tele rElec SInv} (You took it off a deep elf annihilator on level 3 of the Elven Halls)
 35933 | Elf:3    | Identified the Tome of Battle Magic and the Blaze
 35946 | Elf:3    | Got a wavering granite ring
 35948 | Elf:3    | Identified the ring of Sal Pisch {MP+9 Str+5 Dex+3} (You found it on level 3 of the Elven Halls)
 36050 | Elf:3    | Got an encrusted gold dragon armour
 36081 | Elf:3    | Identified the +8 gold dragon armour of Jaatri {rPois rF+ rC+ SInv} (You took it off a deep elf priest on level 3 of the Elven Halls)
 36728 | Spider:1 | Entered Level 1 of the Spider Nest
 36920 | Spider:1 | Reached skill level 25 in Axes
 36996 | Spider:1 | Received a gift from Trog
 37428 | Spider:2 | Reached XP level 19. HP: 54/150 MP: 21/21
 37873 | Spider:3 | Noticed Louise
 37893 | Spider:3 | Killed Louise
 38095 | Spider:3 | Received a gift from Trog
 38570 | Spider:4 | Entered Level 4 of the Spider Nest
 39014 | Spider:4 | Reached skill level 26 in Axes
 39051 | Spider:4 | Received a gift from Trog
 39393 | Spider:4 | Got a gossamer rune of Zot
 39736 | Shoals:1 | Entered Level 1 of the Shoals
 40246 | Shoals:2 | Found Xamuozesai's Distillery.
 40399 | Shoals:2 | Noticed Donald
 40459 | Shoals:2 | Killed Donald
 40470 | Shoals:2 | Received a gift from Trog
 41409 | Shoals:3 | Noticed Jorgrun
 41430 | Shoals:3 | Killed Jorgrun
 41656 | Shoals:3 | Gained mutation: You regenerate a little health from kills. [demonic ancestry]
 41656 | Shoals:3 | Reached XP level 20. HP: 128/163 MP: 22/22
 41963 | Shoals:3 | Received a gift from Trog
 41967 | Shoals:4 | Entered Level 4 of the Shoals
 41974 | Shoals:4 | Noticed Ilsuiw
 42026 | Shoals:4 | Killed Ilsuiw
 42026 | Shoals:4 | Received a gift from Trog
 42258 | Shoals:4 | Identified Khufu's Guide on Sinister Magic
 42352 | Shoals:4 | HP: 5/165 [merfolk impaler/trident of protection (9)]
 42353 | Shoals:4 | Hit by a javelin of returning thrown by a merfolk javelineer

Vault maps used:
D:1:      zaba_arrival_water, minmay_fountain_box
D:2:      lemuel_coloured_pillars_altar, uniq_robin
D:4:      kennysheep_little_box, uniq_pikel
D:5:      first_bread, guppyfry_early_orc_mine, uniq_edmund, uniq_sigmund
D:6:      vehumet_crystals, fedhas_altar_3, minmay_temple_entry_glassed_door
D:7:      grunt_dithmenos_smoke_and_mirrors, slow_altar_2, serial_shops, shop,
          grunt_livestock, uniq_duvessa
D:8:      old_standard_altar, lemuel_round_altar, grunt_temple_overflow_open,
          grunt_decor_mini_mirrors, grunt_decor_cap
D:9:      old_standard_altar, lemuel_round_altar, david_lair_generic,
          uniq_maurice
D:10:     david_orc_1_choice, serial_shops, shop, uniq_erica, uniq_fannar
D:11:     serial_shops, shop, uniq_nergalle, uniq_sonja, uniq_maud
D:12:     lightli_swarmer
D:13:     lab_entry_generic, minmay_misc_feat_tiny, uniq_josephine, uniq_azrael,
          uniq_frances
D:14:     evilmike_iron_armoury, grunt_vaults_entry_fortified, basic_altar,
          serial_bayou, serial_bayou_pond_d, serial_bayou_shore_b,
          serial_bayou_shore_b, serial_bayou_crossing
D:15:     grunt_enter_depths_snipers
Lair:1:   fungi_pond_lemuel, ldierk_geyser, lemuel_fruit_tree,
          grunt_megastairs_3
Lair:3:   nicolae_spider_entry_tight_spaces, ice2_lemuel
Lair:4:   gammafunk_lair_bear_cave, elwin_shoals_entry_rooms,
          portal_ice_cave_entry_ice_beasts
Lair:5:   beast_lair_carwin_9
Lair:6:   st_stairs_3, nicolae_quartered_pool_little,
          infiniplex_staircase_pool_2
Lair:7:   slime_altar_1, wad_woods_antlair
Lair:8:   evil_forest
Shoals:2: serial_shops, shop_statue, hangedman_shoal_octodias, uniq_donald
Shoals:3: uniq_jorgrun
Shoals:4: shoals_end_hangedman, shoal_ilsuiw, uniq_aizul
Spider:3: nicolae_spider_corner, uniq_louise
Spider:4: spider_rune_water
Orc:1:    serial_shops, shop, enter_volcano_4, uniq_snorg
Orc:3:    nicolae_orc_pool_cavern
Orc:4:    grunt_orc_community_town_hall, grunt_orc_community_big_house_2,
          grunt_orc_community_big_house_1, grunt_orc_community_house_3,
          grunt_orc_community_house_3, grunt_orc_community_house_1,
          grunt_orc_community_house_2, grunt_orc_community_house_3,
          uniq_saint_roka
Elf:1:    enter_trove_0, minmay_elf_sorcery, uniq_kirke
Elf:2:    spider_trap
Elf:3:    grunt_elf_hall_diamonds
Lab:      nicolae_lab_dead_adventurers, nicolae_lab_t_cross,
          nicolae_lab_flowing_pool, nicolae_lab_hexagon
IceCv:    ice_cave_small_dragons
Volcano:  volcano_lake

Action                   |  1- 3 |  4- 6 |  7- 9 | 10-12 | 13-15 | 16-18 | 19-21 || total
-------------------------+-------+-------+-------+-------+-------+-------+-------++-------
Melee: Hand axe          |   117 |   292 |   709 |   252 |       |       |       ||  1370
       War axe           |       |       |       |   247 |       |       |       ||   247
       Battleaxe         |       |       |       |   356 |   759 |    18 |       ||  1133
       Executioner's axe |       |       |       |       |   150 |  1499 |   881 ||  2530
Invok: Berserk           |     3 |     3 |     5 |    12 |    10 |    10 |     2 ||    45
       Brothers in Arms  |       |       |       |     1 |     3 |     7 |     3 ||    14
       Trog's Hand       |       |       |       |       |       |     5 |     3 ||     8
Evoke: Wand              |       |       |     1 |    15 |    19 |     3 |     2 ||    40
  Use: Scroll            |       |     6 |     5 |    12 |     6 |    10 |     5 ||    44
       Potion            |       |       |     1 |    20 |     9 |     5 |     5 ||    40
 Stab: Fleeing           |       |       |       |       |     1 |       |     1 ||     2
       Paralysed         |       |       |       |       |     2 |       |       ||     2
       Distracted        |       |       |       |       |       |     2 |     1 ||     3
       Petrifying        |       |       |       |       |       |     1 |       ||     1
       Held in net/web   |       |       |       |       |       |       |     1 ||     1
  Eat: Chunk             |     1 |     8 |    17 |    15 |    13 |     7 |    10 ||    71
       Bread ration      |     1 |       |       |     3 |     3 |     2 |     1 ||    10
       Meat ration       |       |       |     1 |     1 |     3 |     8 |     2 ||    15
       Fruit             |       |       |     1 |       |     2 |       |       ||     3
       Pizza             |       |       |       |     1 |       |       |     1 ||     2
       Beef jerky        |       |       |       |       |       |       |     1 ||     1
